 Dungeon Crawl Stone Soup version 0.24-a0-451-g263dff2034 (webtiles) character file.

Game seed: 10521222489994499264

314 Craser22 the Cleaver (level 6, -1/51 HPs)
             Began as a Minotaur Berserker on June 26, 2019.
             Was a Priest of Trog.
             Slain by an orc priest
             ... wielding a +0 mace
              (3 damage)
             ... on level 4 of the Dungeon.
             The game lasted 00:09:35 (3277 turns).

Craser22 the Cleaver (Minotaur Berserker)           Turns: 3277, Time: 00:09:37

Health: -1/51      AC:  6    Str: 21    XL:     6   Next: 19%
Magic:  5/5        EV: 10    Int:  4    God:    Trog [***...]
Gold:   138        SH:  0    Dex: 12    Spells: 5/5 levels left

rFire    . . .     SeeInvis .   a - +0 hand axe
rCold    . . .     Gourm    .   (no shield)
rNeg     . . .     Faith    .   k - +0 scale mail
rPois    .         Spirit   .   (helmet restricted)
rElec    .         Reflect  .   (no cloak)
rCorr    .         Harm     .   (no gloves)
MR       .....                  (no boots)
Stlth    ..........             (no amulet)
HPRegen  0.17/turn              (no ring)
MPRegen  0.09/turn              (no ring)

@: berserk cooldown, slowed, very slow
A: retaliatory headbutt, horns 2
a: Berserk, Trog's Hand, Renounce Religion


You were on level 4 of the Dungeon.
You worshipped Trog.
Trog was most pleased with you.
You were very hungry.

You visited 1 branch of the dungeon, and saw 4 of its levels.

You collected 138 gold pieces.


Innate Abilities, Weirdness & Mutations

You reflexively headbutt those who attack you in melee.
You have a pair of horns on your head.


   Skills:
 - Level 3.6 Fighting
 + Level 8.4 Axes
 - Level 2.4 Armour
 - Level 2.1 Dodging


You had 5 spell levels left.
You didn't know any spells.
Your spell library was empty.

Inventory:

Hand Weapons
 a - a +0 hand axe (weapon)
 t - a +0 flail
Missiles
 g - 91 stones (quivered)
 v - 2 boomerangs
Armour
 h - a +0 plate armour
 k - a +0 scale mail (worn)
Jewellery
 j - a +4 ring of slaying {unknown}
 l - a cursed -3 ring of evasion {unknown}
 m - an uncursed ring of protection from magic {unknown}
Wands
 u - a wand of iceblast (9)
Scrolls
 b - a scroll of fog {unknown}
 d - a scroll of identify {unknown}
 r - a scroll of remove curse {unknown}
 s - a scroll of blinking {unknown}
Potions
 e - a potion of flight {unknown}
 f - 2 potions of might {unknown}
 n - 2 potions of mutation {unknown}
 o - a potion of curing {unknown}
 p - a potion of degeneration {unknown}
 q - a potion of heal wounds {unknown}
Comestibles
 c - 4 rations
 i - a chunk of flesh

Dungeon Overview and Level Annotations

Branches:
Dungeon (4/15)
 Temple: D:4-7

Altars:

░,,,░░░░░░░░░░>...........(....,,
,,,,,,,,,,,,,░,▒▒▒▒▒▒...).▒....░▒
,,,,░░░░░░░░,░,░ ▒▒▒.....▒....▒
,░,,,,,,,,,░,░,░ ▒.%.....▒,...▒
,░,░░░░░░░,░,░,░ ▒...▒▒▒▒▒░░▒▒▒
,░,░,,,,,░,░,░,░ ▒...▒
,░,░,░,,<,,░,▒,░ ▒)..▒
,░,░,░,,,..▒.▒.▒▒▒▒)..▒
,░,░,░,,,.....woH)[▒▒▒▒
,░,░,░,,,......O▒▒.▒
,░,░,░,,,...?...░▒.▒
,░,░,░,,,)......░▒.▒
,░,░,░,,,.......░▒.▒
,░,░,░░░░▒......░▒.▒░
,░,░,,,,,..▒.▒▒▒,...░
,░,░,░░░░▒▒▒▒░ ░,...░
,░░░≈░░░░░░≈░░ ░,,,,░


You could see an ogre, a worm and an orc priest.


Message History

a +0 leather armour a +2 dagger of electrocution a +0 robe an orc corpse You slash the ogre!
The ogre is moderately wounded.
You closely miss the orc priest.
You are no longer berserk.
You are exhausted.
You feel yourself slow down.
You barely miss the ogre.
The ogre is moderately wounded.
You hit the orc priest but do no damage.
The ogre hits you with a +0 giant club!
* * * LOW HITPOINT WARNING * * *
The orc priest hits you but does no damage.
You slash the ogre!
The ogre is severely wounded.
You hit the orc priest. The ogre barely misses you.
The orc priest hits you with a +0 mace.
* * * LOW HITPOINT WARNING * * *
You hit the ogre.
The ogre is almost dead.
You hit the orc priest.
You hear the slow rusting of a drain nearby.
The orc priest casts a cantrip, but nothing happens.
The ogre hits you but does no damage. The orc priest hits you with a +0 mace.
You die...

Action                   |  1- 3 |  4- 6 || total
-------------------------+-------+-------++-------
Melee: Hand axe          |    84 |    92 ||   176
       Headbutt          |    13 |    20 ||    33
Invok: Berserk           |       |     1 ||     1
  Use: Scroll            |       |     2 ||     2
  Eat: Chunk             |     3 |     4 ||     7
Armor: Animal skin       |     2 |       ||     2
       Ring mail         |     5 |       ||     5
       Scale mail        |    12 |    24 ||    36
Dodge: Dodged            |    45 |    41 ||    86

Levels and vault maps discovered:
D:1:      ebering_hopf_link, layout_loops_cross
D:2:      layout_basic
D:3:      layout_basic, first_ration, uniq_jessica
D:4:      layout_basic, gup_sewer_entry_bubbles

Notes
Turn   | Place    | Note
-------+----------+-------------------------------------------
     0 | D:1      | Craser22 the Minotaur Berserker began the quest for the
                  | Orb.
     0 | D:1      | Reached XP level 1. HP: 19/19 MP: 0/0
   103 | D:1      | Reached skill level 4 in Axes
   284 | D:1      | Reached XP level 2. HP: 19/26 MP: 1/1
  1010 | D:2      | Reached skill level 5 in Axes
  1249 | D:2      | Reached XP level 3. HP: 31/31 MP: 2/2
  1471 | D:2      | Reached ** piety under Trog
  1947 | D:3      | Reached skill level 6 in Axes
  1947 | D:3      | Reached XP level 4. HP: 38/39 MP: 3/3
  2352 | D:3      | Noticed Jessica
  2360 | D:3      | Killed Jessica
  2360 | D:3      | Reached skill level 7 in Axes
  2360 | D:3      | Reached XP level 5. HP: 45/45 MP: 4/4
  3240 | D:4      | Noticed a phantom
  3265 | D:4      | Reached skill level 8 in Axes
  3268 | D:4      | Reached XP level 6. HP: 29/51 MP: 5/5
  3270 | D:4      | Reached *** piety under Trog
  3276 | D:4      | HP: 2/51 [orc priest/+0 mace (4)]
  3277 | D:4      | Slain by an orc priest

Vanquished Creatures
  A hound (D:4)
  An orc priest (D:4)
  Jessica (D:3)
  An iguana (D:3)
  2 orc wizards (D:4)
  5 adders
  A shadow imp (D:3)
  An ooze (D:1)
  2 adder skeletons (D:4)
  3 worms
  A dart slug (D:1)
  5 leopard geckos
  7 orcs
  3 ball pythons
  6 bats
  3 giant cockroaches
  5 goblins
  8 hobgoblins
  3 jackals (D:4)
  5 kobolds
  A quokka (D:2)
  7 frilled lizards
  3 rats
75 creatures vanquished.
